 Dungeon Crawl Stone Soup version 0.22-a0-374-g5dfd9e3 (webtiles) character file.

63 ohad the Slasher (level 3, 0/27 HPs)
             Began as a Demonspawn Gladiator on Apr 26, 2018.
             Killed from afar by Jessica (8 damage)
             ... with a wand of flame (31)
             ... on level 3 of the Dungeon.
             The game lasted 00:03:02 (1783 turns).

ohad the Slasher (Demonspawn Gladiator)             Turns: 1783, Time: 00:03:02

Health: 0/27       AC:  5    Str: 15    XL:     3   Next: 87%
Magic:  3/3        EV: 11    Int:  9    God:
Gold:   164        SH:  0    Dex: 14    Spells: 2/2 levels left

rFire    . . .     SeeInvis .   a - +0 long sword
rCold    . . .     Gourm    .   (no shield)
rNeg     . . .     Faith    .   g - +0 scale mail
rPois    .         Spirit   .   (no helmet)
rElec    .         Reflect  .   (no cloak)
rCorr    .         Harm     .   o - -2 pair of gloves
MR       .....                  (no boots)
Stlth    ..........             (no amulet)
HPRegen  0.09/turn              (no ring)
MPRegen  0.08/turn              (no ring)

@: no status effects
A: hooves 1, sturdy frame 1
a: no special abilities


You were on level 3 of the Dungeon.
You were not hungry.

You visited 1 branch of the dungeon, and saw 3 of its levels.

You collected 164 gold pieces.

Inventory:

Hand Weapons
 a - a +0 long sword (weapon)
Missiles
 d - a throwing net (quivered)
 m - 34 bolts
Armour
 b - a +0 leather armour
 g - a +0 scale mail (worn)
 o - a -2 pair of gloves (worn)
Scrolls
 e - 3 scrolls of remove curse
 i - 2 scrolls of teleportation {unknown}
 j - a scroll of fog {unknown}
 l - a scroll of blinking
 n - a scroll of identify
Potions
 c - a potion of brilliance {unknown}
 h - a potion of magic
 k - a potion of lignification
Comestibles
 f - 4 rations


   Skills:
 - Level 2.0 Fighting
 + Level 4.4 Long Blades
 - Level 1.7 Throwing
 - Level 2.6 Dodging


You had 2 spell levels left.
You didn't know any spells.

Dungeon Overview and Level Annotations

Branches:
Dungeon (3/15)

Altars:

Annotations:
D:3 Jessica


Innate Abilities, Weirdness & Mutations

You have large cloven feet.
Your movements are slightly less encumbered by armour. (ER -2)


Message History

A kobold comes into view. It is wielding a dagger.
The kobold shouts!
Jessica casts a spell at you. Pain shoots through your body!
A rat comes into view.
Things that are here:
a club; a kobold corpse The kobold throws a stone.
The stone closely misses you.
Jessica points at you and mumbles some strange words.
Pain shoots through your body!
There is an open door here.
Throwing (i - inventory)
d - 2 throwing nets (quivered)
Press: ? - help, Shift-Dir - straight line, f - Jessica
Aim: Jessica, wielding a club and wearing a robe You throw a throwing net.
The throwing net barely misses Jessica.
Jessica zaps a wand.
The puff of flame hits you!
* * * LOW HITPOINT WARNING * * *
It is a wand of flame (31).
Jessica zaps a wand.
The puff of flame hits you!
You die...

#... . #.# .. #...#.#
#.####.# #...#. #.#....#
#....#######.#......##
#.....<..)...#...8...#
#......#######..≈≈≈..#
#............+..≈≈≈..#
##....#########..≈≈≈..#######
#...........@.'@.≈≈Kr.......r
#.###.###.#.###......)## #.
#.# #.#.# #......## #. #.#
..#.# ###....# #. ..#.#.#.#
####.# ## ###.#>... .... #
###.# ..... #+# ######.


You could see Jessica and a kobold.

Vanquished Creatures
  2 adders (D:2)
  A dart slug (D:1)
  A leopard gecko (D:1)
  5 giant cockroaches
  5 goblins
  6 hobgoblins
  A quokka (D:2)
  4 bats
  4 frilled lizards (D:2)
  6 kobolds
  5 rats
40 creatures vanquished.

Notes
Turn   | Place    | Note
-------+----------+-------------------------------------------
     0 | D:1      | ohad the Demonspawn Gladiator began the quest for the Orb.
     0 | D:1      | Reached XP level 1. HP: 16/16 MP: 1/1
    86 | D:1      | Reached skill level 3 in Long Blades
   220 | D:1      | Gained mutation: Your movements are slightly less encumbered by armour. (ER -2) [demonic ancestry]
   220 | D:1      | Reached XP level 2. HP: 18/22 MP: 2/2
   901 | D:2      | Gained mutation: You have large cloven feet. [demonic ancestry]
   901 | D:2      | Reached XP level 3. HP: 16/27 MP: 3/3
  1189 | D:2      | Reached skill level 4 in Long Blades
  1765 | D:3      | Noticed Jessica
  1783 | D:3      | Killed from afar by Jessica

Vault maps used:
D:1:      doesnt_arrival_eight_statues
D:2:      first_ration
D:3:      minmay_door_square, serial_park_tiny_pond, uniq_ijyb, uniq_jessica

Skill      XL: |  1  2  3 |
---------------+----------+-----
Long Blades    | 3 4 |  4.4
Fighting       | |  2.0
Throwing       | |  1.7
Dodging        | |  2.6

Action                   || total
-------------------------++-------
Melee: Long sword        ||   100
       Kick              ||     9
Throw: Throwing net      ||     2
  Use: Scroll            ||     4
 Stab: Sleeping          ||     1
  Eat: Chunk             ||     3
Armor: Leather armour    ||    29
       Scale mail        ||     1
Dodge: Dodged            ||    72
       Rpst.: Long sword ||    24

Table legend:
 A = Spawn XP
 B = Non-spawn XP
 C = Spawn XP percentage of total XP
 D = Spawn monster count
 E = Non-spawn monster count
 F = Spawn count percentage of total count
 G = Total turns spent on level
                    A         B        C        D         E        F      G
               +---------+---------+-------+---------+---------+-------+---------
         Total |       0 |      90 |   0.0 |       0 |      40 |   0.0 |  1783
               +---------+---------+-------+---------+---------+-------+---------
           D:1 |       0 |      33 |   0.0 |       0 |      18 |   0.0 |   882
           D:2 |       0 |      54 |   0.0 |       0 |      20 |   0.0 |   859
           D:3 |       0 |       3 |   0.0 |       0 |       2 |   0.0 |    42
               +---------+---------+-------+---------+---------+-------+---------
